Map: Orbital Shipyard

Players

BudNaked - Winner!

  • Race: Zerg Zerg
  • League: Silver

wabbajack

  • Race: Zerg Zerg
  • League: Gold

VOD

Have the link to the VOD?

Description

Time

  • Played on: July 19, 2015, 5:56 p.m.
  • Length: 7:45
Show
View Real Time Build Order
Export as new Build Order

BudNaked Zerg - Winner!

Build Orders: Hatch First 

Get SALT Encoding   

  12  0:01  Drone  
  13  0:12  Overlord  
  13  0:17  Drone  
  14  0:31  Drone x2  
  16  0:36  Drone  
  17  0:46  Drone  
  18  1:00  Hatchery  
  17  1:08  Drone  
  17  1:09  Extractor  
  17  1:15  Spawning Pool  
  17  1:17  Drone  
  17  1:21  Drone  
  18  1:29  Drone  
  19  1:40  Drone  
  20  2:02  Queen  
  22  2:09  Overlord  
  22  2:12  Queen  
  22  2:13  Metabolic Boost  
  24  2:18  Zergling x6  
  27  2:25  Drone  
  27  2:28  Drone  
  29  2:36  Overlord  
  29  2:37  Queen  
  31  2:44  Drone x2  
  31  2:49  Pneumatized Carapace  
  33  2:53  Drone  
  34  3:01  Roach Warren  
  34  3:02  Drone  
  34  3:16  Drone x3  
  34  3:19  Drone  
  37  3:29  Drone x4  
  41  3:40  Drone x5  
  44  3:43  Lair  
  44  3:46  Extractor  
  43  3:49  Extractor  
  43  3:54  Evolution Chamber  
  41  3:58  Overlord x3  
  41  4:22  Roach x2  
  41  4:23  Roach x3  
  51  4:30  Roach  
  51  4:31  Roach x4  
  61  4:32  Overlord  
  61  4:33  Overlord  
  61  4:44  Spine Crawler  
  60  4:49  Ravager  
  60  4:50  Ravager  
  62  5:05  Ravager  
  62  5:06  Roach x3  
  69  5:20  Spine Crawler  
  68  5:28  Roach x7  
  72  5:38  Drone  
  67  5:52  Hatchery  
  67  5:55  Drone x3  
  67  5:56  Drone x6  
  72  6:13  Ravager x3  
  72  6:14  Ravager  
  72  6:15  Roach x2  
  72  6:16  Roach  
  82  6:20  Extractor  
  81  6:38  Overlord x3, Ravager x2  
  83  7:02  Roach  
  83  7:03  Roach x5  
  95  7:12  Infestation Pit  
Show
View Real Time Build Order
Export as new Build Order

wabbajack Zerg 

Build Orders: Hatch First 

Get SALT Encoding   

  12  0:02  Drone  
  13  0:14  Overlord  
  13  0:17  Drone  
  14  0:27  Drone, Extractor  
  15  0:33  Drone  
  16  0:39  Drone  
  17  0:54  Hatchery  
  16  0:58  Drone  
  16  1:02  Extractor  
  16  1:03  Drone  
  17  1:16  Spawning Pool  
  16  1:18  Drone  
  16  1:22  Drone  
  18  1:30  Drone  
  19  1:41  Overlord  
  19  1:53  Drone  
  20  2:04  Queen  
  20  2:06  Queen  
  24  2:14  Spine Crawler  
  23  2:15  Drone  
  23  2:16  Drone x2  
  26  2:24  Drone x2  
  28  2:32  Roach Warren  
  27  2:40  Drone x2  
  27  2:41  Drone  
  30  2:45  Metabolic Boost  
  30  2:57  Spine Crawler  
  29  2:58  Overlord  
  29  3:02  Overlord  
  29  3:22  Roach  
  29  3:23  Roach x5  
  41  3:42  Overlord  
  41  3:51  Roach x2  
  41  3:52  Roach x2  
  49  4:00  Drone, Extractor  
  49  4:11  Baneling Nest  
  48  4:21  Zergling x20  
  48  4:22  Zergling x4  
  60  4:30  Overlord x2  
  60  4:51  Drone  
  61  4:54  Drone x3  
  64  5:02  Baneling x2  
  64  5:03  Baneling x4  
  64  5:04  Zergling x2  
  64  5:05  Zergling x12  
  71  5:10  Overlord  
  32  6:00  Roach  
  32  6:01  Roach x11  
  56  6:08  Drone x2  
  58  6:17  Hatchery  
  57  6:23  Evolution Chamber  
  56  6:29  Queen  
  56  6:32  Drone x4  
  62  6:33  Drone x2  
  62  6:35  Drone  
  65  6:45  Overlord  
  63  7:12  Overlord x2  
  63  7:20  Drone x2, Extractor  
  63  7:21  Drone  
  63  7:22  Roach  
  75  7:23  Roach x5  
  75  7:29  Drone x3, Extractor  
Tags
 
Add a new tag
Caveats
  • Supply blocks, unpowered buildings, or Contaminate may cause inaccurate times.
  • Supply counts are checked every 10 seconds.